 Dungeon Crawl Stone Soup version 0.16.2-12-gd0ad4c3 (webtiles) character file.

2074 Iskender the Quickloader (level 9, -4/57 HPs)
             Began as a Mummy Wanderer on Sept 18, 2015.
             Was an Initiate of Gozag.
             Slain by a necrophage (7 damage)
             ... on level 6 of the Dungeon.
             The game lasted 01:05:57 (9107 turns).

Iskender the Quickloader (Mummy Wanderer)           Turns: 9107, Time: 01:05:57

Health: -4/57      AC:  6    Str: 14      XL:     9   Next: 6%
Magic:  19/19      EV:  9    Int: 11      God:    Gozag
Gold:   340        SH:  5    Dex: 12 (15) Spells: 0 memorised, 8 levels left

rFire  x . .     SeeInvis .     a - +0 war axe
rCold  + . .     Clarity  +     i - +0 ring mail
rNeg   + + +     SustAb   .     g - +2 buckler
rPois  ∞         Gourm    .     (no helmet)
rElec  .         Spirit   .     (no cloak)
rCorr  .         Warding  .     (no gloves)
rMut   .         Stasis   .     f - +0 pair of boots
MR     +....                    o - amulet of clarity
Stlth  +.........               (no ring)
                                m - ring of magical power

@: somewhat resistant to hostile enchantments, very unstealthy
A: no food or potions, fire vulnerability, restore body, cold resistance 1,
negative energy resistance 3, poison resistance, torment resistance, unbreathing
a: Potion Petition, Call Merchant, Bribe Branch, Renounce Religion


You were on level 6 of the Dungeon.
You worshipped Gozag.
Gozag was noncommittal.
You were not hungry.

You visited 2 branches of the dungeon, and saw 7 of its levels.
You also visited: Sewer.

You collected 603 gold pieces.
You spent 161 gold pieces at shops.
You paid 102 gold pieces to Gozag.

Inventory:

Hand weapons
 a - a +0 war axe (weapon)
 b - a +3 hand crossbow
 c - a +0 mace
 p - a +0 whip
 s - a +0 hunting sling
 t - a +2 dagger of distortion
 z - a +0 flail
 B - a +0 shortbow of evasion
 G - a +0 trident
Missiles
 d - 23 bolts
 n - 48 stones
 q - 10 exploding sling bullets
 r - 21 poisoned needles
 A - 47 arrows
 D - 11 poisoned arrows
 E - 4 tomahawks (quivered)
 K - 6 needles of slowing
 M - 6 bolts of flame
Armour
 f - a +0 pair of boots (worn)
 g - a +2 buckler (worn)
 i - a +0 ring mail (worn)
 j - a +0 scale mail
 C - a +0 chain mail
Magical staves
 N - an uncursed staff of energy
Jewellery
 m - a ring of magical power (left hand)
 o - an amulet of clarity (around neck)
Magical devices
 x - a wand of magic darts (21)
 L - a wand of lightning (7)
Scrolls
 e - a scroll of noise {unknown}
 h - a scroll of enchant weapon
 k - 2 scrolls of identify
 l - a scroll of blinking {unknown}
 u - 2 scrolls of amnesia
 v - a scroll of fog
 w - a scroll of magic mapping
 y - a scroll of remove curse
 F - a scroll of recharging
 H - 2 scrolls of enchant armour {unknown}
 I - a scroll of fear
 J - a scroll of teleportation


   Skills:
 + Level 2.2 Axes
 - Level 10.0 Crossbows
 - Level 1.0 Throwing
 - Level 1.5 Armour
   Level 2.6 Hexes
 - Level 1.0 Evocations


You had 8 spell levels left.
You didn't know any spells.

Dungeon Overview and Level Annotations

Branches:
Dungeon (6/15)             Temple (1/1) D:4

Altars:
Ashenzari
Cheibriados
Dithmenos
Elyvilon
Fedhas
Gozag
Kikubaaqudgha
Makhleb
Nemelex Xobeh
Qazlal
Ru
Sif Muna
Trog
Vehumet
Yredelemnul
Zin

Shops:
D:6 ?

Annotations:
D:5 Pikel; SedStubbie's ghost, experienced FoGl


Innate Abilities, Weirdness & Mutations

You do not eat or drink.
Your flesh is vulnerable to fire.
Your flesh is cold resistant.
You are immune to negative energy.
Your system is resistant to poisons.
You are immune to unholy pain and torment.
You can survive without breathing.


Message History

The necrophage hits you but does no damage.
You slash the necrophage!
The necrophage is almost destroyed.
You block the necrophage's attack.
You closely miss the necrophage.
The necrophage is almost destroyed.
The necrophage hits you.
* * * LOW HITPOINT WARNING * * *
You feel terrible.
You closely miss the necrophage.
The necrophage is almost destroyed.
The necrophage hits you.
* * * LOW HITPOINT WARNING * * *
You feel terrible. The necrophage hits you.
* * * LOW HITPOINT WARNING * * *
You barely miss the necrophage.
The necrophage is almost destroyed.
The necrophage hits you!
You die...
Your body crumbles into a pile of gold.

#####....### # #......##
# ##....#..# #
##....###.##### $
##.....###......
#.......##[...##
#..........##..#
.#########.......######..
.(((.(.n@.......## ###
##########.......# #
#.......# # #.......#
##.....## ##...## #####


You could see a necrophage.

Vanquished Creatures
  Prince Ribbit (D:5)
  An ice beast (D:5)
  2 orc warriors (D:6)
  2 phantoms (D:4)
  A slave (D:4)
  A centaur (D:6)
  2 necrophages
  3 ogres
  A big kobold (Sewer)
  A giant frog (D:4)
  A scorpion (D:5)
  A crimson imp (D:5)
  A quasit (D:6)
  A goliath beetle (D:6)
  2 orc wizards
  3 orc priests
  A hound (D:5)
  7 worker ants
  A hound skeleton (D:6)
  9 adders
  4 gnolls
  A river rat (Sewer)
  2 worms (D:4)
  An adder skeleton (D:4)
  6 giant geckos
  14 orcs
  14 bats
  A bat zombie (D:6)
  11 giant cockroaches
  12 hobgoblins
  10 kobolds
  3 quokkas
  2 ball pythons
  A ball python skeleton (D:4)
  12 goblins
  9 jackals
  13 rats
158 creatures vanquished.

Notes
Turn   | Place    | Note
--------------------------------------------------------------
     0 | D:1      | Iskender, the Mummy Wanderer, began the quest for the Orb.
     0 | D:1      | Iskender set off with: a +2 hand crossbow, a +0 robe, 24 bolts
     0 | D:1      | Reached XP level 1. HP: 13/13 MP: 1/1
   611 | D:1      | Reached XP level 2. HP: 19/19 MP: 2/2
   673 | D:1      | Reached skill level 3 in Crossbows
  1190 | D:1      | Reached XP level 3. HP: 24/24 MP: 3/3
  1709 | D:2      | Reached skill level 4 in Crossbows
  2101 | D:2      | Reached XP level 4. HP: 30/30 MP: 4/4
  2218 | D:3      | Found a glowing drain.
  2227 | Sewer    | Entered a sewer
  2387 | Sewer    | Noticed a big kobold
  2400 | Sewer    | Killed a big kobold
  2400 | Sewer    | Reached XP level 5. HP: 35/35 MP: 5/5
  2480 | Sewer    | Found a white marble altar of Elyvilon.
  2652 | D:3      | Reached skill level 5 in Crossbows
  2728 | D:3      | Found a snail-covered altar of Cheibriados.
  3665 | D:4      | Reached XP level 6. HP: 31/41 MP: 7/7
  3667 | D:4      | Noticed a phantom
  3682 | D:4      | Killed a phantom
  3682 | D:4      | Reached skill level 6 in Crossbows
  4203 | D:4      | Found a staircase to the Ecumenical Temple.
  4212 | Temple   | Entered the Ecumenical Temple
  4266 | Temple   | Became a worshipper of Gozag Ym Sagoz the Greedy
  5005 | D:3      | Reached XP level 7. HP: 46/46 MP: 8/8
  5229 | D:4      | Noticed a phantom
  5246 | D:4      | Noticed an ogre
  5275 | D:4      | Killed an ogre
  5275 | D:4      | Reached skill level 7 in Crossbows
  5291 | D:4      | Killed a phantom
  5959 | D:4      | Noticed an ogre
  5975 | D:4      | Killed an ogre
  5975 | D:4      | Reached skill level 8 in Crossbows
  6152 | D:4      | Reached XP level 8. HP: 48/52 MP: 9/9
  6531 | D:5      | Entered Level 5 of the Dungeon
  6531 | D:5      | Noticed Prince Ribbit
  6870 | D:5      | Killed Prince Ribbit
  7098 | D:5      | Noticed SedStubbie's ghost (experienced FoGl)
  7565 | D:5      | Reached skill level 9 in Crossbows
  7676 | D:5      | Noticed Pikel
  8187 | D:6      | Found Bluunt's Magic Scroll Shoppe.
  8217 | D:6      | Bought a scroll of fear for 49 gold pieces
  8217 | D:6      | Bought a scroll of identify for 28 gold pieces
  8217 | D:6      | Bought a scroll of identify for 28 gold pieces
  8218 | D:6      | Bought a scroll of random uselessness for 14 gold pieces
  8219 | D:6      | Bought a scroll of teleportation for 42 gold pieces
  8535 | D:6      | Found a bloodstained altar of Trog.
  8732 | D:6      | Found a sacrificial altar of Ru.
  8779 | D:6      | Found a blossoming altar of Fedhas.
  8780 | D:6      | Found an ancient bone altar of Kikubaaqudgha.
  8853 | D:6      | Reached skill level 1 in Axes
  8914 | D:5      | Reached XP level 9. HP: 29/57 MP: 10/10
  9061 | D:6      | Reached skill level 10 in Crossbows
  9107 | D:6      | Slain by a necrophage

Action                   |  1- 3 |  4- 6 |  7- 9 || total
-------------------------+-------+-------+-------++-------
Melee: Unarmed           |    64 |       |       ||    64
       Club              |    23 |       |       ||    23
       Mace              |    91 |   221 |   136 ||   448
       War axe           |       |       |   166 ||   166
       Trident           |       |       |    57 ||    57
 Fire: Hand crossbow     |     9 |    55 |   107 ||   171
       Hunting sling     |       |    41 |    13 ||    54
Throw: Throwing net      |       |       |     1 ||     1
       Stone             |       |       |     1 ||     1
Invok: Potion Petition   |       |       |     1 ||     1
  Use: Scroll            |     3 |     1 |     7 ||    11
